 Dungeon Crawl Stone Soup version 0.28-a0-1415-g7c84da036a (webtiles) character file.

Game seed: 1167822365700374266

127 snetch the Chopper (level 4, 0/41 HPs)
             Began as a Minotaur Berserker on Jan 7, 2022.
             Was a Believer of Trog.
             Succumbed to Crazy Yiuf's poison
             ... on level 2 of the Dungeon.
             The game lasted 00:04:49 (1650 turns).

snetch the Chopper (Minotaur Berserker)             Turns: 1650, Time: 00:04:50

Health: 0/41       AC:  9    Str: 24    XL:     4   Next: 85%
Magic:  0/3        EV:  8    Int:  4    God:    Trog [**....]
Gold:   67         SH:  0    Dex:  9    Spells: 3/3 levels left

rFire   . . .      SeeInvis .   a - +0 hand axe (vorpal)
rCold   . . .      Faith    .   (no shield)
rNeg    . . .      Spirit   .   n - +0 chain mail
rPois   .          Reflect  .   (helmet restricted)
rElec   .          Harm     .   (no cloak)
rCorr   .          Rampage  .   (no gloves)
Will    .....                   (no boots)
Stlth   ..........              (no amulet)
HPRegen 0.13/turn               (no ring)
MPRegen 0.08/turn               (no ring)

@: lethally poisoned (0 -> -1), on berserk cooldown, slowed, very slow
A: horns 2, retaliatory headbutt
a: Renounce Religion, Berserk, Trog's Hand


You were on level 2 of the Dungeon.
You worshipped Trog.
Trog was pleased with you.
You visited 1 branch of the dungeon, and saw 3 of its levels.

You collected 67 gold pieces.

Inventory:

Hand Weapons
 a - a +0 vorpal hand axe (weapon)
 b - a +3 quarterstaff of chaos
 j - a +2 dagger of venom
 k - a +0 hand axe
Missiles
 d - 81 stones (quivered)
 f - 38 bolts
 m - 26 arrows
Armour
 n - a +0 chain mail (worn)
 o - a +0 cloak
Scrolls
 g - a scroll of identify {unknown}
 i - 2 scrolls of teleportation {unknown}
Potions
 c - a potion of cancellation {unknown}
 e - a potion of resistance {unknown}
 h - 2 potions of curing {unknown}
 l - 2 potions of brilliance {unknown}


   Skills:
 + Level 4.6 Fighting
 + Level 5.5 Axes
 + Level 3.0 Armour
 + Level 2.8 Dodging


You had 3 spell levels left.
You didn't know any spells.
Your spell library was empty.

Dungeon Overview and Level Annotations

Branches:
Dungeon (3/15)

Altars:


Innate Abilities, Weirdness & Mutations

You have a pair of horns on your head.
You reflexively headbutt those who attack you in melee.


Message History

Crazy Yiuf is moderately wounded.
Crazy Yiuf closely misses you. Crazy Yiuf barely misses you.
You hit Crazy Yiuf.
Crazy Yiuf is heavily wounded.
Crazy Yiuf hits you but does no damage.
You are poisoned.
You hit Crazy Yiuf.
Crazy Yiuf is almost dead.
You feel very sick.
Crazy Yiuf hits you with a +3 quarterstaff of chaos.
You hit Crazy Yiuf but do no damage. You headbutt Crazy Yiuf.
Crazy Yiuf is almost dead.
You feel sick.
Crazy Yiuf laughs, "Ten song snockshim!"
Crazy Yiuf hits you with a +3 quarterstaff of chaos!
Space warps around you.
* * * LOW HITPOINT WARNING * * *
A red film seems to cover your vision as you go berserk!
You feel yourself moving faster!
You feel mighty!
You feel sick.
Crazy Yiuf screams, "Announcement agre meccalolo!"
Crazy Yiuf hits you with a +3 quarterstaff of chaos!
* * * LOW HITPOINT WARNING * * *
You hit Crazy Yiuf.
You kill Crazy Yiuf!
Trog accepts your kill.
You feel sick.
Your Armour skill increases to level 3!
You feel sick.
Things that are here:
a +3 quarterstaff of chaos; a +0 cloak; the gnoll corpse of Crazy Yiuf
b - a +3 quarterstaff of chaos;
o - a +0 cloak You feel a strong urge to attack something.
You feel sick.
There is an open translucent door here.
You feel your anger nearly subside.
You are no longer berserk.
You are exhausted.
You feel yourself slow down.
* * * LOW HITPOINT WARNING * * *
You feel sick.
You die...

♣♣.♣♣ #.........
♣.♣♣ #.#####... ♣♣.♣
#.# ###.# ♣.♣♣ #.#
#.... ♣♣†♣ ####.#
#.#.# ##'## #..#.#
#.#.# #...# ##.#.#
#.... #...# #....#
#.#.# #..@# #..###
#.#.# ##### #..#
#.#.# #..# #.#.#
######..# #....
........# #.### #
#######.###.### #.#
.##.##..[..........#
#.#
............###.#.#
#.###
#.##...###.###.#.#
#....


There were no monsters in sight!

Vanquished Creatures
  Crazy Yiuf (D:2)
  An orc priest (D:3)
  An adder (D:2)
  A worm (D:3)
  A dart slug (D:1)
  2 orcs (D:3)
  5 endoplasms
  3 giant cockroaches
  4 goblins
  4 hobgoblins
  2 quokkas (D:2)
  10 ball pythons
  4 bats (D:1)
  6 frilled lizards
  3 kobolds
  6 rats
54 creatures vanquished.

Notes
Turn   | Place    | Note
-------+----------+-------------------------------------------
     0 | D:1      | snetch the Minotaur Berserker began the quest for the Orb.
     0 | D:1      | Reached XP level 1. HP: 19/19 MP: 0/0
    47 | D:1      | Reached XP level 2. HP: 12/27 MP: 1/1
    59 | D:1      | Reached skill level 4 in Axes
   480 | D:1      | Reached XP level 3. HP: 27/33 MP: 2/2
   587 | D:1      | Reached ** piety under Trog
   602 | D:1      | HP: 1/33 [poisoned by a goblin]
  1196 | D:3      | Reached skill level 5 in Axes
  1196 | D:3      | Reached XP level 4. HP: 27/41 MP: 3/3
  1631 | D:2      | Found a runed translucent door.
  1632 | D:2      | Noticed Crazy Yiuf
  1644 | D:2      | Killed Crazy Yiuf
  1649 | D:2      | HP: 1/41 [poisoned by Crazy Yiuf]
  1650 | D:2      | Succumbed to Crazy Yiuf's poison

Illustrated notes

Levels and vault maps discovered:
D:1:      scummos_arrival_checkerplants, layout_rooms, lemuel_another_geyser
D:2:      layout_loops_ring, hellmonk_ecumenical_altar_heavens_door,
          uniq_crazy_yiuf_cottage
D:3:      layout_rooms, mainiacjoe_overflow_alcove_1, solitary_fountain

Skill      XL: |  1  2  3  4 |
---------------+-------------+-----
Fighting       | 4 |  4.6
Axes           | 4 5 |  5.5
Armour         | 3 |  3.0
Dodging        | |  2.8

Action                   |  1- 3 |  4- 6 || total
-------------------------+-------+-------++-------
Melee: Hand axe          |    62 |    30 ||    92
       Headbutt          |     7 |     4 ||    11
Invok: Berserk           |     2 |     1 ||     3
Armor: Animal skin       |    12 |       ||    12
       Leather armour    |     3 |       ||     3
       Ring mail         |     6 |       ||     6
       Chain mail        |       |    12 ||    12
Dodge: Dodged            |    34 |    13 ||    47

Table legend: (Time is in decaauts)
 A = Elapsed time spent in this place.
 B = Non-inter-level travel time spent in this place.
 C = Inter-level travel time spent in this place.
 D = Time resting spent in this place.
 E = Time spent auto-exploring this place.
 F = Levels seen in this place.
 G = Mean time per level.
                   A        B        C        D        E       F      G
               +--------+--------+--------+--------+--------+-----+--------+
         Total |   1685 |   1655 |     30 |    192 |    995 |   3 |  561.7 |
       Dungeon |   1685 |   1655 |     30 |    192 |    995 |   3 |  561.7 |
               +--------+--------+--------+--------+--------+-----+--------+

Top non-repeatable levels by time:
     D:1: 982 daAuts
     D:2: 632 daAuts
     D:3: 70 daAuts
